 Dungeon Crawl Stone Soup version 0.29-a0-1052-g6990b1bffc (webtiles) character file.

Game seed: 4869141949703026888

2036 themarg the Destroyer (level 9, -9/48 HPs)
             Began as a Tengu Conjurer on Aug 18, 2022.
             Was an Initiate of Qazlal.
             Mangled by an orc warrior
             ... wielding a +0 glaive
              (18 damage)
             ... on level 6 of the Dungeon.
             The game lasted 00:30:02 (6288 turns).

themarg the Destroyer (Tengu Conjurer)              Turns: 6288, Time: 00:30:02

Health: -9/48      AC:  2    Str:  3    XL:     9   Next: 24%
Magic:  20/29      EV: 17    Int: 22    God:    Qazlal [......]
Gold:   346        SH:  0    Dex: 21    Spells: 14/21 levels left

rFire   . . .      SeeInvis +   g - +8 mace of Tumult {vorpal, Str-5 Dex+8 SInv}
rCold   . . .      Faith    .   (no shield)
rNeg    . . .      Spirit   .   d - +0 robe {Will+}
rPois   .          Reflect  .   (helmet restricted)
rElec   .          Harm     .   (no cloak)
rCorr   .          Rampage  .   (no gloves)
Will    +....                   (boots unavailable)
Stlth   +++.......              o - amulet of regeneration
HPRegen 0.96/turn               l - ring of magical power
MPRegen 0.21/turn               (no ring)

@: flying quickly and evasively, quick
A: beak, talons 3, nimble flight
a: Renounce Religion


You were on level 6 of the Dungeon.
You worshipped Qazlal.
Qazlal was noncommittal.
You visited 1 branch of the dungeon, and saw 6 of its levels.
You also visited: Sewer.

You collected 346 gold pieces.

Inventory:

Hand Weapons
 e - a +3 dagger
 g - the +8 mace of Tumult (weapon) {vorpal, Str-5 Dex+8 SInv}
   (You found it on level 6 of the Dungeon)

   It inflicts extra damage upon your enemies.
   Str:       It affects your strength (-5).
   Dex:       It affects your dexterity (+8).
   SInv:      It lets you see invisible.
Missiles
 f - 4 silver boomerangs
 v - 4 poisoned darts
Armour
 d - a +0 robe of willpower (worn)
Jewellery
 l - a ring of magical power (left hand)
 o - an amulet of regeneration (around neck)
 B - a ring of protection from cold
Wands
 t - a wand of mindburst (10)
 u - a wand of roots (4)
Scrolls
 c - a scroll of enchant armour {unknown}
 h - 2 scrolls of immolation
 i - a scroll of enchant weapon {unknown}
 n - a scroll of butterflies {unknown}
 p - 3 scrolls of vulnerability
 q - 2 scrolls of blinking {unknown}
 r - a scroll of noise {unknown}
 w - a scroll of teleportation
 x - 2 scrolls of magic mapping {unknown}
 y - a scroll of summoning {unknown}
Potions
 a - a potion of ambrosia {unknown}
 b - a potion of magic
 j - 4 potions of mutation
 k - a potion of flight {unknown}
 m - a potion of haste
 s - 5 potions of curing
 z - 3 potions of brilliance
 A - 2 potions of heal wounds


   Skills:
 + Level 1.6 Fighting
 + Level 2.7 Short Blades
 + Level 3.9 Dodging
 + Level 4.3 Stealth
 + Level 6.8 Spellcasting
 + Level 11.0 Conjurations


You had 14 spell levels left.
You knew the following spells:

 Your Spells              Type           Power      Damage    Failure   Level
a - Magic Dart            Conj           100%       1d8       1%          1
b - Searing Ray           Conj           100%       2d8       1%          2
c - Iskenderun's Mystic   Conj/Tloc      31%        2d8       9%          4

Your spell library contained the following spells:

 Spells                   Type           Power      Damage    Failure   Level
 Dazzling Flash           Conj/Hex       62%        N/A       2%          3
 Fulminant Prism          Conj/Hex       15%        3d11      9%          4
 Gell's Gravitas          Tloc           7%         N/A       26%         3
 Lesser Beckoning         Tloc           7%         N/A       26%         3
 Teleport Other           Tloc           7%         N/A       26%         3


Dungeon Overview and Level Annotations

Branches:
Dungeon (6/15)              Sewer (visited)
 Temple: D:4-7

Altars:
Cheibriados
Qazlal
Uskayaw
Wu Jian
Yredelemnul
The Shining One

Shops:
D:4 (

Portals:
Abyss: D:6

Annotations:
D:2 1 runed translucent door, Crazy Yiuf
D:5 1 exclusion
D:6 2 runed translucent doors, Pikel


Innate Abilities, Weirdness & Mutations

You have a beak for a mouth.
You have claws for feet.
Your magical nature lets you fly swiftly and evasively.


Message History

Confirm with . or Enter, or press ? or * to list all spells.
Aiming: Searing Ray (safe; 1% risk of failure)
Press: ? - help, Shift-Dir - straight line, f - orc warrior
Aim: an orc warrior, wielding a +0 glaive and wearing a +0 chain mail (wandering, hasn't noticed you, 81% to hit)
The searing ray hits the orc warrior!
The orc warrior is moderately wounded.
The orc warrior shouts! (Press . to maintain the ray.)
You hear a shout! x3
The orc warrior misses you.
You hear a shout!
The searing ray hits the orc warrior.
The orc warrior is moderately wounded.
You hear a shout!
The orc barely misses you. The orc warrior completely misses you.
The searing ray hits the orc warrior!
The orc warrior is severely wounded.
The orc warrior misses you. The orc barely misses you.
The searing ray misses the orc warrior.
You finish channelling your searing ray.
The orc hits you with a +0 flail. The orc warrior barely misses you.
Casting: Searing Ray (safe; 1% risk of failure)
Confirm with . or Enter, or press ? or * to list all spells.
Aiming: Searing Ray (safe; 1% risk of failure)
Press: ? - help, Shift-Dir - straight line, f/p - orc warrior
Aim: an orc warrior, wielding a +0 glaive and wearing a +0 chain mail (severely wounded, 81% to hit)
The searing ray misses the orc warrior. (Press . to maintain the ray.)
The orc hits you with a +0 flail! The orc warrior misses you.
The searing ray misses the orc warrior.
The orc barely misses you.
The orc warrior hits you from afar with a +0 glaive!
The searing ray misses the orc warrior.
The orc hits you with a +0 flail.
The orc warrior hits you from afar with a +0 glaive!
* * * LOW HITPOINT WARNING * * *
The searing ray hits the orc warrior.
The orc warrior is severely wounded.
You finish channelling your searing ray.
The orc closely misses you.
The orc warrior hits you from afar with a +0 glaive!!
You die...

#............
............. ##
#......##.... ..#
#....5......# ..##
......#..##.## .#..#
###..###.#...# #....#
#.....##.##..##. ...
#.....#..##..#o##o#
...##.##..#..#..@#
....#....##......####
...##.......#....#..#
........##..#.......#
.##.#.......#.......#
......#........#....#
###...##............#
#......###........#
.###.######.........#


You could see an orc warrior and an orc.

Vanquished Creatures
  Grinder (D:3)
  A water moccasin (D:5)
  Pargi (Sewer)
  An orc warrior (D:6)
  4 black bears
  An ice beast (D:6)
  2 centaurs
  3 phantoms
  A lemure (D:6)
  A scorpion (D:5)
  A howler monkey (D:6)
  2 hounds
  A jelly (D:6)
  2 orc priests
  5 iguanas
  5 orc wizards
  Robin (D:3)
  4 gnolls (D:2)
  3 adders
  A shadow imp (D:5)
  A white imp (D:5)
  2 worms (D:4)
  4 dart slugs
  21 orcs
  3 bats
  5 endoplasms
  4 giant cockroaches
  12 goblins
  9 hobgoblins
  6 jackals (D:2)
  4 kobolds
  7 quokkas
  5 ball pythons
  5 frilled lizards
  5 rats
134 creatures vanquished.

Vanquished Creatures (others)
  A fungus (D:2)
1 creature vanquished.

Grand Total: 135 creatures vanquished

Notes
Turn   | Place    | Note
-------+----------+-------------------------------------------
     0 | D:1      | themarg the Tengu Conjurer began the quest for the Orb.
     0 | D:1      | Reached XP level 1. HP: 10/10 MP: 4/4
   171 | D:1      | Reached XP level 2. HP: 15/15 MP: 4/6
   213 | D:1      | Learned a level 2 spell: Searing Ray
   375 | D:1      | Reached skill level 6 in Conjurations
   885 | D:2      | Reached XP level 3. HP: 19/19 MP: 0/7
  1044 | D:2      | Found a basalt altar of Yredelemnul.
  1065 | D:2      | Reached XP level 4. HP: 18/24 MP: 0/8
  1145 | D:2      | Found a faded altar of an unknown god.
  1515 | D:2      | Reached skill level 7 in Conjurations
  1839 | D:2      | Found a runed translucent door.
  1840 | D:2      | Noticed Crazy Yiuf
  1925 | D:3      | Noticed Grinder
  1928 | D:3      | Paralysed by Grinder for 5 turns
  1942 | D:3      | Killed Grinder
  1943 | D:3      | Reached skill level 8 in Conjurations
  1943 | D:3      | Gained mutation: Your magical nature lets you fly swiftly
                  | and evasively. [Tengu growth]
  1943 | D:3      | Reached XP level 5. HP: 23/28 MP: 1/11
  1943 | D:3      | Reached XP level 6. HP: 26/32 MP: 1/12
  2289 | D:3      | Noticed Robin
  2358 | D:3      | Killed Robin
  2780 | D:3      | Found a glowing golden altar of the Shining One.
  2996 | D:4      | Found a glowing drain.
  3013 | Sewer    | Entered a sewer
  3107 | Sewer    | Noticed Pargi
  3240 | Sewer    | Killed Pargi
  3241 | Sewer    | Reached XP level 7. HP: 36/36 MP: 5/14
  3565 | D:4      | Found Peczuneo's Weapon Shoppe.
  3908 | D:5      | Entered Level 5 of the Dungeon
  4262 | D:5      | Reached skill level 9 in Conjurations
  4389 | D:5      | Reached skill level 1 in Short Blades
  4682 | D:5      | Reached skill level 5 in Spellcasting
  4733 | D:5      | Reached XP level 8. HP: 33/41 MP: 16/16
  4888 | D:5      | Found a snail-covered altar of Cheibriados.
  4888 | D:5      | Found a hide-covered altar of Uskayaw.
  4912 | D:5      | Found an ornate altar of the Wu Jian Council.
  5279 | D:5      | HP: 2/42 [black bear (2)]
  5363 | D:5      | Reached skill level 10 in Conjurations
  5598 | D:6      | Reached skill level 1 in Fighting
  5693 | D:6      | Identified the +8 mace of Tumult {vorpal, Str-5 Dex+8 SInv}
  5779 | D:6      | Reached XP level 9. HP: 34/47 MP: 7/19
  5884 | D:6      | Found a large runed translucent door.
  5885 | D:6      | Found a large runed translucent door.
  5998 | D:6      | Found a stormy altar of Qazlal.
  6003 | D:6      | Became a worshipper of Qazlal Stormbringer
  6009 | D:6      | Learned a level 4 spell: Iskenderun's Mystic Blast
  6147 | D:6      | Reached skill level 11 in Conjurations
  6245 | D:6      | Found a one-way gate to the infinite horrors of the Abyss.
  6266 | D:6      | Noticed Pikel
  6288 | D:6      | Mangled by an orc warrior

Illustrated notes

Levels and vault maps discovered:
D:1:      ncdulo_halloftheorcs, layout_loops_ring, serial_glass,
          glass_columns_b, glass_columns_a
D:2:      layout_basic, basic_altar, shapermc_ecumenical_altar_mp_highgroup,
          uniq_crazy_yiuf_cottage
D:3:      layout_basic, mainiacjoe_overflow_alcove_4, kennysheep_another_room,
          nicolae_figureground_sparkle, uniq_robin, uniq_grinder
D:4:      layout_loops_ring, serial_shops, nicolae_shop_bloodbath_and_beyond,
          portal_sewer_entry_f
D:5:      minmay_opposing_rooms, layout_cave_pools,
          nicolae_wu_jian_glorious_leap, mainiacjoe_overflow_divided_tiny
D:6:      due_chaos_kobolds, layout_cave_pools, grunt_qazlal_clouds,
          minmay_temple_entry_poolview, lightli_minifort, uniq_pikel

Skill      XL: |  1  2  3  4  5  6  7  8  9 |
---------------+----------------------------+-----
Conjurations   | 6 8 9 10 11 | 11.0
Spellcasting   | 3 4 5 6 |  6.8
Dodging        | 3 |  3.9
Stealth        | 3 4 |  4.3
Short Blades   | 1 2 |  2.7
Fighting       | 1 |  1.6

Action                   |  1- 3 |  4- 6 |  7- 9 || total
-------------------------+-------+-------+-------++-------
Melee: Dagger            |       |    18 |    13 ||    31
       Kick              |       |     7 |     4 ||    11
       Peck              |       |     3 |     1 ||     4
       Punch             |       |       |     1 ||     1
 Cast: Magic Dart        |    32 |    63 |    56 ||   151
       Searing Ray       |     4 |    21 |    47 ||    72
  Use: Scroll            |       |       |     8 ||     8
 Stab: Sleeping          |       |     1 |       ||     1
Armor: Robe              |       |     1 |     1 ||     2
Dodge: Dodged            |     2 |     7 |    48 ||    57

Table legend: (Time is in decaauts)
 A = Elapsed time spent in this place.
 B = Non-inter-level travel time spent in this place.
 C = Inter-level travel time spent in this place.
 D = Time resting spent in this place.
 E = Time spent auto-exploring this place.
 F = Levels seen in this place.
 G = Mean time per level.
                   A        B        C        D        E       F      G
               +--------+--------+--------+--------+--------+-----+--------+
         Total |   6063 |   5931 |    132 |   2014 |   2699 |   7 |  866.1 |
       Dungeon |   5763 |   5631 |    132 |   1834 |   2699 |   6 |  960.5 |
         Sewer |    299 |    299 |      0 |    180 |      0 |   1 |  299.0 |
               +--------+--------+--------+--------+--------+-----+--------+

Top non-repeatable levels by time:
     D:5: 1670 daAuts
     D:2: 994 daAuts
     D:1: 923 daAuts
     D:3: 886 daAuts
     D:4: 680 daAuts
     D:6: 609 daAuts
   Sewer: 299 daAuts
